 Dungeon Crawl Stone Soup version 0.27.1-34-g3ba077fa99 (webtiles) character file.

Game seed: 2543024271185172298

18134 MisterFreud the Grappler (level 12, -9/119 HPs)
             Began as a Troll Berserker on Jan 23, 2022.
             Was a High Priest of Trog.
             Mangled by a skeletal warrior (19 damage)
             ... led by a skeletal warrior
             ... on level 13 of the Dungeon.
             The game lasted 00:13:56 (10016 turns).

MisterFreud the Grappler (Troll Berserker)         Turns: 10016, Time: 00:13:57

Health: -9/119     AC:  7    Str: 28    XL:     12   Next: 25%
Magic:  0/11       EV: 12    Int:  4    God:    Trog [*****.]
Gold:   514        SH:  0    Dex: 12    Spells: 11/11 levels left

rFire    . . .     SeeInvis .     - Unarmed
rCold    . . .     Faith    .   (no shield)
rNeg     . . .     Spirit   +   F - +0 steam dragon scales
rPois    .         Reflect  .   (helmet restricted)
rElec    .         Harm     .   (no cloak)
rCorr    .         Rampage  .   (gloves unavailable)
Will     .....                  (boots unavailable)
Stlth    +.........             c - amulet of guardian spirit
HPRegen  1.29/turn              (no ring)
MPRegen  0.12/turn              (no ring)

@: on berserk cooldown, slowed, very slow
A: large, unfitting armour, claws 3, regeneration 1, shaggy fur 1, tough skin 1
a: Renounce Religion, Berserk, Trog's Hand, Brothers in Arms


You were on level 13 of the Dungeon.
You worshipped Trog.
Trog was extremely pleased with you.
You visited 1 branch of the dungeon, and saw 13 of its levels.

You collected 802 gold pieces.
You spent 288 gold pieces at shops.

Inventory:

Missiles
 d - 30 poisoned darts
 y - 19 large rocks (quivered)
 z - 13 boomerangs
Armour
 a - a +0 animal skin
 F - +0 steam dragon scales (worn)
Jewellery
 c - an amulet of guardian spirit (around neck)
 u - an amulet of reflection
 N - a ring of fire
Wands
 r - a wand of mindburst (12)
 w - a wand of iceblast (3)
 K - a wand of polymorph (9)
 L - a wand of flame (33)
Scrolls
 b - 3 scrolls of fear {unknown}
 e - 9 scrolls of identify {unknown}
 i - 4 scrolls of teleportation {unknown}
 j - 3 scrolls of enchant weapon {unknown}
 n - 2 scrolls of enchant armour {unknown}
 p - 2 scrolls of holy word {unknown}
 s - 4 scrolls of fog {unknown}
 t - a scroll of blinking {unknown}
 x - a scroll of magic mapping {unknown}
 A - a scroll of acquirement {unknown}
 B - a scroll of brand weapon {unknown}
 D - a scroll of amnesia {unknown}
 G - 2 scrolls of vulnerability {unknown}
 O - a scroll of noise {unknown}
Potions
 f - 8 potions of curing
 g - 4 potions of heal wounds {unknown}
 h - 3 potions of berserk rage {unknown}
 k - 10 potions of degeneration
 l - a potion of resistance {unknown}
 m - 2 potions of invisibility
 o - 3 potions of flight {unknown}
 q - 6 potions of haste
 v - a potion of brilliance {unknown}
 C - 4 potions of might
 E - a potion of magic {unknown}
 H - 2 potions of lignification
 J - 3 potions of mutation {unknown}
 P - a potion of attraction {unknown}
Miscellaneous
 I - a tin of tremorstones (2/2)
 M - a phantom mirror


   Skills:
 - Level 8.0 Fighting
 + Level 9.5 Throwing
 - Level 8.0 Dodging
 + Level 12.4 Unarmed Combat


You had 11 spell levels left.
You didn't know any spells.
Your spell library was empty.

Dungeon Overview and Level Annotations

Branches:
Dungeon (13/15)            Temple (0/1) D:4            Lair (0/6) D:9
    Orc (0/2) D:9
 Vaults: D:13-14

Altars:
Okawaru
Uskayaw

Shops:
D:1 ![(*   D:9 !:

Annotations:
D:10 1 runed translucent door


Innate Abilities, Weirdness & Mutations

You are too large for most types of armour.
You have claws for hands.
Your natural rate of healing is unusually fast.
You are covered in fur. (AC +1)
You have tough skin. (AC +1)


Message History

You mangle the skeletal warrior!!
The skeletal warrior is moderately damaged.
The skeletal warrior hits you but does no damage.
The skeletal warrior barely misses you.
You completely miss the skeletal warrior.
The skeletal warrior is moderately damaged.
You mangle the skeletal warrior!!
The skeletal warrior is severely damaged.
You are no longer berserk.
You are exhausted.
You feel yourself slow down.
The skeletal warrior closely misses you.
The skeletal warrior misses you.
The skeletal warrior hits you from afar with a +0 trident!!
* * * LOW HITPOINT WARNING * * *
Things that are here:
a +0 scimitar; a +0 scimitar
Okay, then.
Unknown command.
Your troll goes berserk!
The skeletal warrior hits you with a +0 long sword!
* * * LOW HITPOINT WARNING * * *
The skeletal warrior barely misses you.
The skeletal warrior hits you with a +0 long sword.
* * * LOW HITPOINT WARNING * * *
The skeletal warrior hits you from afar with a +0 trident!!
* * * LOW HITPOINT WARNING * * *
You swap places.
Your troll bites the skeletal warrior!
Your troll claws the skeletal warrior but does no damage.
Your troll claws the skeletal warrior.
Your troll barely misses the skeletal warrior. x3
Your troll completely misses the skeletal warrior.
Your troll claws the skeletal warrior!
Your troll closely misses the skeletal warrior.
The skeletal warrior hits your troll with a +0 trident!!
Your troll barely misses the skeletal warrior.
Your troll claws the skeletal warrior but does no damage.
Your troll claws the skeletal warrior!
The skeletal warrior hits you with a +0 long sword!!
You die...

#...........#
#^..........####
##............. .######
##.......#..####.... .#
<>.............##.###.#
#........##.##........#
#........#...#.##.##.=#
#.##...........#...#..#
..##.....#......@zTz..#
.......#.##.#..#...#..#
..................##..#
....≈...##.............#
....≈...#...#..#.##..#.#
...≈.............. ..#.#
........#...#...... .# #
........##.##.#...#..#


You could see 2 skeletal warriors and a friendly troll (summoned, berserk).

Vanquished Creatures
  3 two-headed ogres
  A death knight (D:9)
  A tengu warrior (D:13)
  2 skeletal warriors (D:13)
  An ugly thing (D:12)
  A cyclops (D:8)
  A manticore (D:12)
  3 gargoyles (D:12)
  An efreet (D:9)
  3 trolls
  A hornet (D:10)
  3 wyverns
  A shadow (D:13)
  7 yaks
  2 wraiths
  2 steam dragons
  14 vampire mosquitoes
  An acid dragon (D:12)
  3 water moccasins
  2 hornet zombies
  A swamp drake (D:9)
  A sky beast (shapeshifter) (D:9)
  3 ice beasts
  4 orc warriors
  2 wolves (D:9)
  8 centaurs
  3 ogres
  2 kobold brigands
  A gnoll sergeant (D:8)
  A bullfrog (D:8)
  14 scorpions
  The ghost of vvlvvlvvl the Ruffian, a weakling DrTm (D:6)
  3 killer bees (D:8)
  5 wights
  2 electric eels (D:9)
  9 howler monkeys
  8 centaur zombies
  A bullfrog zombie (D:5)
  5 hounds (D:9)
  A bullfrog skeleton (D:6)
  A centaur skeleton (D:7)
  10 orc priests
  Ijyb (D:5)
  2 iguanas
  7 orc wizards
  2 howler monkey zombies
  A howler monkey skeleton (D:7)
  4 adders
  8 gnolls
  7 river rats (D:6)
  A shadow imp (D:6)
  A white imp (D:7)
  An ufetubus (D:4)
  2 dart slugs
  41 orcs
  5 ball pythons
  5 endoplasms
  3 giant cockroaches
  4 goblins
  7 hobgoblins
  6 jackals
  3 kobolds
  7 quokkas
  2 bats (D:2)
  3 frilled lizards
  27 rats
289 creatures vanquished.

Vanquished Creatures (others)
  An orc wizard (D:9)
  2 fungi (D:3)
  2 plants (D:3)
5 creatures vanquished.

Grand Total: 294 creatures vanquished

Notes
Turn   | Place    | Note
-------+----------+-------------------------------------------
     0 | D:1      | MisterFreud the Troll Berserker began the quest for the
                  | Orb.
     0 | D:1      | Reached XP level 1. HP: 22/22 MP: 0/0
     1 | D:1      | Found Bolukogi's Distillery.
    11 | D:1      | Found Tenumor's Armour Shop.
   178 | D:1      | Found Cepat's General Store.
   243 | D:1      | Reached XP level 2. HP: 20/29 MP: 1/1
   276 | D:1      | Found Ukhu's Antique Weapon Shoppe.
   695 | D:2      | Reached XP level 3. HP: 36/36 MP: 2/2
   757 | D:2      | Reached skill level 4 in Unarmed Combat
  1027 | D:3      | Reached ** piety under Trog
  1085 | D:3      | Noticed an ogre
  1101 | D:3      | Killed an ogre
  1102 | D:3      | Reached skill level 5 in Unarmed Combat
  1102 | D:3      | Reached XP level 4. HP: 15/44 MP: 0/3
  1258 | D:3      | Reached XP level 5. HP: 46/50 MP: 4/4
  1289 | D:3      | Found a faded altar of an unknown god.
  1719 | D:4      | Reached skill level 6 in Unarmed Combat
  1737 | D:4      | Reached XP level 6. HP: 52/59 MP: 3/5
  2052 | D:4      | Reached skill level 7 in Unarmed Combat
  2216 | D:4      | Found a staircase to the Ecumenical Temple.
  2322 | D:5      | Entered Level 5 of the Dungeon
  2710 | D:5      | Noticed Ijyb
  2727 | D:5      | Killed Ijyb
  2729 | D:5      | Reached XP level 7. HP: 66/66 MP: 4/6
  2736 | D:5      | Reached *** piety under Trog
  2737 | D:5      | Reached skill level 8 in Unarmed Combat
  3096 | D:6      | Reached skill level 5 in Fighting
  3217 | D:6      | Reached XP level 8. HP: 69/80 MP: 5/7
  3275 | D:6      | Found a runed translucent gate.
  3275 | D:6      | Found a runed translucent gate.
  3275 | D:6      | Found a runed translucent gate.
  3282 | D:6      | Noticed vvlvvlvvl's ghost (weakling DrTm)
  3910 | D:6      | Killed vvlvvlvvl's ghost
  3911 | D:6      | Reached skill level 5 in Dodging
  3962 | D:7      | Reached **** piety under Trog
  3966 | D:7      | Reached skill level 1 in Throwing
  4362 | D:7      | Found a hide-covered altar of Uskayaw.
  5045 | D:7      | Identified the +1 chain mail of Fenuuckae {Dex+3}
  5228 | D:8      | Reached XP level 9. HP: 87/88 MP: 8/8
  5321 | D:8      | Noticed a cyclops
  5328 | D:8      | Killed a cyclops
  5329 | D:8      | Reached skill level 5 in Throwing
  5329 | D:8      | Reached skill level 9 in Unarmed Combat
  5496 | D:8      | Reached skill level 10 in Unarmed Combat
  6224 | D:9      | Reached XP level 10. HP: 76/96 MP: 6/9
  6333 | D:9      | Reached ***** piety under Trog
  6524 | D:9      | Found Fowaogo's Book Boutique.
  6629 | D:9      | Found a staircase to the Lair.
  6679 | D:9      | Found Reonupp's Distillery.
  6687 | D:9      | Bought a potion of lignification for 36 gold pieces
  6687 | D:9      | Bought a potion of curing for 36 gold pieces
  6687 | D:9      | Bought a potion of haste for 120 gold pieces
  6687 | D:9      | Bought a potion of invisibility for 96 gold pieces
  6858 | D:9      | Noticed a death knight
  6868 | D:9      | Killed a death knight
  6869 | D:9      | Reached skill level 11 in Unarmed Combat
  6948 | D:9      | Found a staircase to the Orcish Mines.
  7273 | D:10     | Entered Level 10 of the Dungeon
  7345 | D:10     | Noticed a two-headed ogre
  7353 | D:10     | Reached XP level 11. HP: 107/107 MP: 10/10
  7359 | D:10     | Killed a two-headed ogre
  7430 | D:10     | Found a runed translucent door.
  7432 | D:10     | Found a runed translucent door.
  7536 | D:10     | Noticed a two-headed ogre
  7541 | D:10     | Killed a two-headed ogre
  7840 | D:10     | Received a gift from Trog
  7992 | D:11     | Found an iron altar of Okawaru.
  8785 | D:12     | Noticed a purple ugly thing
  8793 | D:12     | Killed a purple ugly thing
  8881 | D:12     | Noticed a two-headed ogre
  8889 | D:12     | Killed a two-headed ogre
  9139 | D:12     | Reached skill level 12 in Unarmed Combat
  9163 | D:12     | Reached XP level 12. HP: 62/119 MP: 5/11
  9881 | D:13     | Noticed a tengu warrior
  9890 | D:13     | Killed a tengu warrior
 10016 | D:13     | Mangled by a skeletal warrior

Illustrated notes

Levels and vault maps discovered:
D:1:      eino_arrival_druids_welcome, layout_loops_ring, serial_shops,
          nicolae_shop_crystal, shop_statue, nicolae_shop_stone, shop
D:2:      layout_rooms
D:3:      layout_basic, shapermc_ecumenical_altar_acropolis
D:4:      layout_loops_ring, minmay_temple_entry_from_below_a, minmay_cupped
D:5:      layout_gridville, uniq_ijyb
D:6:      lemuel_ratsnest, layout_basic, ebering_ghost_rock_garden,
          kennysheep_minor_cross
D:7:      layout_layer_cave, nicolae_uskayaw_dance_hall
D:8:      layout_loops_cross, hangedman_minor_gate_pass
D:9:      cheibrodos_fzero, layout_irregular_city, erik_lair_island, erik_orc_1,
          serial_shops, shop, shop, minmay_misc_feat_enclosed
D:10:     lemuel_insect_pit, layout_rooms
D:11:     layout_loops_ring, okawaru_gym_becter
D:12:     layout_basic
D:13:     layout_basic, david_vaults_2, hangedman_decor_clover_reticule,
          lemuel_blue_sif_altar, uniq_jorgrun

Skill      XL: |  1  2  3  4  5  6  7  8  9 10 11 12 |
---------------+-------------------------------------+-----
Unarmed Combat | 5 6 7 8 10 11 12 | 12.4
Fighting       | 5 6 7 8 |  8.0
Dodging        | 3 5 6 7 8 |  8.0
Throwing       | 3 6 7 8 9 |  9.5

Action                   |  1- 3 |  4- 6 |  7- 9 | 10-12 || total
-------------------------+-------+-------+-------+-------++-------
Melee: Unarmed           |    98 |    89 |   307 |   409 ||   903
       Punch             |     2 |     1 |    14 |    23 ||    40
Invok: Berserk           |       |     2 |     3 |     7 ||    12
       Trog's Hand       |       |       |       |     1 ||     1
       Brothers in Arms  |       |       |       |     1 ||     1
Evoke: Wand              |       |       |       |     3 ||     3
 Stab: Sleeping          |       |     1 |       |       ||     1
       Distracted        |       |       |       |     1 ||     1
Armor: Animal skin       |    27 |    20 |    56 |       ||   103
       Steam dragon scal |       |       |       |   115 ||   115
Dodge: Dodged            |    36 |    37 |   133 |   204 ||   410
